 Dungeon Crawl Stone Soup version 0.29-a0-925-g0a7a3d12f8 (webtiles) character file.

Game seed: 2496769405715141442

198 Newt the Chiller (level 5, -3/25 HPs)
             Began as a Vine Stalker Ice Elementalist on July 29, 2022.
             Killed from afar by a white imp (11 damage)
             ... with a puff of frost
             ... on level 5 of the Dungeon.
             The game lasted 00:06:41 (2850 turns).

Newt the Chiller (Vine Stalker Ice Elementalist)    Turns: 2850, Time: 00:06:42

Health: -3/25      AC:  3    Str: 13    XL:     5   Next: 77%
Magic:  0/11       EV: 12    Int: 21    God:
Gold:   197        SH:  0    Dex: 14    Spells: 6/10 levels left

rFire   + . .      SeeInvis .   c - +0 quarterstaff
rCold   x . .      Faith    .   (shield currently unavailable)
rNeg    . . .      Spirit   +   a - +0 robe
rPois   .          Reflect  .   (no helmet)
rElec   .          Harm     .   (no cloak)
rCorr   .          Rampage  .   n - +0 pair of gloves
Will    .....                   (no boots)
Stlth   ++........              g - amulet of magic regeneration
HPRegen 0.88/turn               d - ring of fire
MPRegen 0.52/turn               p - +6 ring of intelligence

@: no status effects
A: fangs 2, regeneration 1, magic shield, antimagic bite, no potion heal 2
a: no special abilities


You were on level 5 of the Dungeon.
You visited 1 branch of the dungeon, and saw 5 of its levels.

You collected 197 gold pieces.

Inventory:

Hand Weapons
 c - a +0 quarterstaff (weapon)
Armour
 a - a +0 robe (worn)
 n - a +0 pair of gloves (worn)
Jewellery
 d - a ring of fire (left hand)
 g - an amulet of magic regeneration (around neck)
 p - a +6 ring of intelligence (right hand)
Wands
 e - a wand of charming (8)
Scrolls
 f - a scroll of silence
Potions
 b - a potion of magic
 h - a potion of might
 i - a potion of heal wounds
 j - a potion of invisibility
 k - 2 potions of flight {unknown}
 l - a potion of degeneration
 m - a potion of curing
 o - a potion of brilliance {unknown}


   Skills:
 * Level 1.3 Fighting
 * Level 1.2 Staves
 + Level 2.1 Dodging
 - Level 2.4 Stealth
 - Level 1.2 Unarmed Combat
 + Level 3.4 Spellcasting
 + Level 5.1 Ice Magic


You had 6 spell levels left.
You knew the following spells:

 Your Spells              Type           Power      Damage    Failure   Level
a - Freeze                Ice            100%       1d11      1%          1
b - Ozocubu's Armour      Ice            25%        N/A       4%          3

Your spell library contained the following spells:

 Spells                   Type           Power      Damage    Failure   Level
 Frozen Ramparts          Ice            50%        1d7       4%          3
 Ignite Poison            Fire/Tmut/Pois 5%         N/A       36%         3
 Mephitic Cloud           Conj/Pois/Air  3%         N/A       36%         3
 Hailstorm                Conj/Ice       14%        3d5       41%         4
 Leda's Liquefaction      Hex/Erth       1%         N/A       77%         4
 Freezing Cloud           Conj/Ice/Air   5%         6-21      87%         5
 Lee's Rapid Deconstruct  Erth           1%         3d5*      98%         5
 Statue Form              Tmut/Erth      2%         N/A       100%        6


Dungeon Overview and Level Annotations

Branches:
Dungeon (5/15)
 Temple: D:4-7

Altars:
Elyvilon
Kikubaaqudgha
Uskayaw


Innate Abilities, Weirdness & Mutations

You have extremely sharp teeth.
Your natural rate of healing is unusually fast.
When hurt, damage is shared between your health and your magic reserves.
Your bite disrupts and absorbs the magic of your enemies.
Potions cannot restore your health.


Message History

Found a leather armour.
Found an onyx ring.
p - a +6 ring of intelligence You feel clever.
p - a +6 ring of intelligence (right hand)
You start putting on your amulet.
You continue putting on your amulet of magic regeneration. x3
Magic restored.
You continue putting on your amulet of magic regeneration. x2
You finish putting on your amulet of magic regeneration.
g - an amulet of magic regeneration (around neck)
A white imp comes into view.
The white imp shouts, "Slither hence, thou gorbellied dizzy-eyed beggar!"
The white imp gestures at you. The puff of frost hits you!
You feel a terrible chill! The white imp barely misses you.
Unknown command.
Aiming: Freeze (safe; 1% risk of failure)
Press: ? - help, Q - select action, (/) - cycle Shift-Dir - straight line, f - white imp
Aim: a white imp You freeze the white imp.
The white imp resists.
The white imp is lightly wounded.
The white imp gestures at you. The puff of frost hits you!
You feel a terrible chill!
Aiming: Freeze (safe; 1% risk of failure)
Press: ? - help, Q - select action, (/) - cycle Shift-Dir - straight line, f/p - white imp
Aim: a white imp (lightly wounded)
You freeze the white imp but do no damage.
The white imp completely resists.
The white imp gestures at you. The puff of frost hits you.
You feel a terrible chill!
* * * LOW HITPOINT WARNING * * *
Aiming: Freeze (safe; 1% risk of failure)
Press: ? - help, Q - select action, (/) - cycle Shift-Dir - straight line, f/p - white imp
Aim: a white imp (lightly wounded)
You freeze the white imp but do no damage.
The white imp completely resists.
The white imp gestures at you. The puff of frost hits you!
You feel a terrible chill!
You die...

################.
#................
#.#####.#.###.##
#.# #.#.# #.#
#.#@# #... #.#
#.#5# #..# #.#
#.#.# #..# #.#
#[#.# #..# #.#
##.#.###..## #.#
#..... ....
#.####..#####.#
#............<#
######..#######


You could see a white imp.

Vanquished Creatures
  An ogre (D:4)
  A hound (D:4)
  3 adders
  A worm (D:3)
  3 dart slugs
  4 orcs
  5 bats
  5 endoplasms
  2 giant cockroaches (D:3)
  5 goblins
  6 hobgoblins
  A quokka (D:3)
  4 ball pythons
  2 frilled lizards
  2 kobolds (D:1)
  3 rats
48 creatures vanquished.

Notes
Turn   | Place    | Note
-------+----------+-------------------------------------------
     0 | D:1      | Newt the Vine Stalker Ice Elementalist began the quest for
                  | the Orb.
     0 | D:1      | Reached XP level 1. HP: 9/9 MP: 4/4
   120 | D:1      | Reached XP level 2. HP: 8/13 MP: 4/6
   834 | D:2      | Reached XP level 3. HP: 16/17 MP: 4/7
  1296 | D:3      | Learned a level 3 spell: Ozocubu's Armour
  1938 | D:3      | Reached skill level 1 in Unarmed Combat
  2015 | D:3      | Found an ancient bone altar of Kikubaaqudgha.
  2028 | D:3      | Found a hide-covered altar of Uskayaw.
  2062 | D:3      | Gained mutation: Your natural rate of healing is unusually
                  | fast. [Vine Stalker growth]
  2062 | D:3      | Reached XP level 4. HP: 21/21 MP: 5/9
  2463 | D:4      | Noticed an ogre
  2487 | D:4      | Killed an ogre
  2488 | D:4      | Reached skill level 1 in Fighting
  2488 | D:4      | Reached skill level 1 in Staves
  2488 | D:4      | Reached skill level 5 in Ice Magic
  2488 | D:4      | Reached XP level 5. HP: 25/25 MP: 1/11
  2555 | D:4      | Found a white marble altar of Elyvilon.
  2794 | D:5      | Entered Level 5 of the Dungeon
  2797 | D:5      | Noticed a phantom
  2850 | D:5      | Killed from afar by a white imp

Illustrated notes

Levels and vault maps discovered:
D:1:      dpeg_arrival_castle, layout_basic, dreamdust_ecumenical_altar_grove,
          serial_park_tiny_2
D:2:      layout_basic
D:3:      layout_basic, mainiacjoe_overflow_large_starburst,
          corexii_corridor_pit
D:4:      minmay_wonky_spiral, layout_gridville, nicolae_elyvilon_temple_path
D:5:      layout_loops_ring, trog_book, lemuel_coloured_pillars_altar,
          minmay_temple_entry_large_hall, minmay_misc_feat_nine_boxes

Skill      XL: |  1  2  3  4 |
---------------+-------------+-----
Dodging        | 2 |  2.1
Unarmed Combat | 1 |  1.2
Fighting       | 1 |  1.3
Staves         | 1 |  1.2
Spellcasting   | 3 |  3.4
Ice Magic      | 5 |  5.1
Stealth        | |  2.4

Action                   |  1- 3 |  4- 6 || total
-------------------------+-------+-------++-------
Melee: Unarmed           |    84 |     2 ||    86
       Bite              |    27 |     2 ||    29
       Quarterstaff      |       |    10 ||    10
       Punch             |       |     1 ||     1
 Cast: Freeze            |    35 |    19 ||    54
       Ozocubu's Armour  |     1 |     1 ||     2
  Use: Scroll            |     9 |     4 ||    13
Armor: Robe              |    19 |     4 ||    23
Dodge: Dodged            |    85 |    20 ||   105

Table legend: (Time is in decaauts)
 A = Elapsed time spent in this place.
 B = Non-inter-level travel time spent in this place.
 C = Inter-level travel time spent in this place.
 D = Time resting spent in this place.
 E = Time spent auto-exploring this place.
 F = Levels seen in this place.
 G = Mean time per level.
                   A        B        C        D        E       F      G
               +--------+--------+--------+--------+--------+-----+--------+
         Total |   2855 |   2778 |     77 |     82 |   2122 |   5 |  571.0 |
       Dungeon |   2855 |   2778 |     77 |     82 |   2122 |   5 |  571.0 |
               +--------+--------+--------+--------+--------+-----+--------+

Top non-repeatable levels by time:
     D:3: 979 daAuts
     D:2: 847 daAuts
     D:4: 550 daAuts
     D:1: 431 daAuts
     D:5: 46 daAuts
